Connexion

DALLAS Stars vs OTTAWA Senators

Created - 15 décembre 2023 at 05:53

Goals
1 2 3 T
DALLAS Stars 0 1 2 3
OTTAWA Senators 0 0 0 0
Shots
1 2 3 T
DALLAS Stars 12 6 11 29
OTTAWA Senators 10 8 8 26

GoalsPenalties
1st period
No Goal
Alexander Edler (OTT) for Slashing (Minor) at 1:05
Evan Bouchard (OTT) for High sticking (Minor) at 9:48
2nd period
1. DALLAS Stars , Blake Comeau 4 (Neal Pionk 22, Andreas Athanasiou 23) at 8:29
Neal Pionk (DAL) for High sticking (Minor) at 4:28
Nick Leddy (DAL) for Goalie Interference (Minor) at 18:19
3rd period
2. DALLAS Stars , Tyler Bertuzzi 26 (Sebastien Aho 33, Nick Leddy 26) at 1:25
3. DALLAS Stars , Tomas Hertl 12 (Mikhail Sergachev 23, Reilly Smith 19) at 5:23
Zach Werenski (OTT) for Cross-checking (Minor) at 10:07
Tyler Bertuzzi (DAL) for Boarding (Minor) at 16:29
Tomas Hertl (DAL) for Hooking (Minor) at 19:28
Goalie Stats
Joonas Korpisalo (DAL), 26 saves from 26 shots - (1,000), W, 20-19-0, 60:00 minutes
Connor Hellebuyck (OTT), 26 saves from 29 shots - (0,897), L, 21-17-2, 60:00 minutes
3 StarsOfficial
1 - Joonas Korpisalo (DAL)
2 - Tyler Bertuzzi (DAL)
3 - Blake Comeau (DAL)
Referees : Brad Watson and Dan O'Rourke
Linesman : Jonny Murray and Don Henderson
Game Note
No Game Note
Finance
Level 1 -- Attendance: 6000 (100,00%) -- Ticket Income $750,000
Level 2 -- Attendance: 6153 (100,00%) -- Ticket Income $399,945
Level 3 -- Attendance: 2000 (100,00%) -- Ticket Income $100,000
Level 4 -- Attendance: 3502 (87,55%) -- Ticket Income $140,080
Luxury Box -- Attendance: 996 (99,60%) -- Ticket Income $239,040
Game was played at the Scotiabank Place.
Total Attendance: 18651 (97,38%)
Total Ticket Income: $1,629,065
Other Income: $325,813
Total Income: $1,954,878



Team Name Goals Shots Shots Attemp Shots Blocked PIM HIT PP PK FO%
DALLAS Stars 3294978250 / 3 (0%)048%
OTTAWA Senators 0265426210 / 4 (0%)052%

DALLAS Stars
Player Name POS G A P +/- PIM HIT SHT SB MP PP MP PP SHT PK MP PK SHT FO% FOT
Andreas AthanasiouC/LW/RW011100209:320:0000:00057% 7
Anthony BeauvillierC/LW000000107:040:0000:1000% 0
Blake ComeauLW/RW101101209:320:0000:0000% 2
Brent BurnsD0000031322:102:3312:5300% 0
Damon SeversonD0000022121:512:3312:3400% 0
Dylan CozensC0001010018:313:1801:33050% 20
Gemel SmithC/LW/RW0001021011:070:0001:3500% 4
Johan LarssonC/LW/RW000000107:230:0000:290100% 1
Kevin HayesC/LW/RW0001022021:442:3911:3600% 1
Mathias NorlinderD0001001013:320:0001:0900% 0
Mikhail SergachevD0112032025:463:2413:5400% 0
Morgan FrostC000000106:540:0000:00033% 3
Neal PionkD0111251012:220:0000:0000% 0
Nick LeddyD0112203024:173:2432:2600% 0
Reilly SmithLW/RW0111012016:583:1800:000100% 1
Sebastien AhoC/LW/RW0111002124:342:3904:26050% 26
Tomas HertlC/LW1011212116:573:1800:0000% 0
Tyler BertuzziLW/RW1011243123:142:3903:07067% 6
OTTAWA Senators
Player Name POS G A P +/- PIM HIT SHT SB MP PP MP PP SHT PK MP PK SHT FO% FOT
Adrian KempeC/LW/RW000-2031018:162:4010:0000% 0
Aleksi HeponiemiC/LW/RW000-1010021:303:4803:38048% 27
Alex TuchC/RW000-1016021:423:4813:5010% 3
Alexander EdlerD000-1210014:240:0000:2500% 0
Barrett HaytonC/LW0000030011:090:0000:0000% 1
Cale MakarD0000005023:513:4823:4500% 0
Charlie McAvoyD0000020023:513:4803:4500% 0
Evan BouchardD000-1210013:590:0000:0000% 0
Filip ChytilC0000001011:090:0000:00071% 7
Josh NorrisC000-2011015:360:0000:00073% 15
Mark KastelicC000001006:460:0000:00050% 8
Martin NecasC/RW000-2012020:232:4002:07038% 8
Owen TippettLW/RW000000006:460:0000:0000% 0
Peyton KrebsC/LW000000006:580:0000:1200% 0
Robert ThomasC/RW0000004013:492:4000:0000% 1
Steven StamkosC/LW/RW000-1041019:593:4802:070100% 1
Travis SanheimD000-2023222:092:4012:1200% 0
Zach WerenskiD000-2202021:432:4011:4700% 0



Play-by-Play

1st period


0:01 of 1st period - Steven Stamkos wins face-off versus Sebastien Aho in neutral zone.
0:04 of 1st period - Shot by Cale Makar.
0:04 of 1st period - Stopped by Joonas Korpisalo with a rebound.
0:18 of 1st period - Shot by Steven Stamkos.
0:18 of 1st period - Deflect By Alex Tuch.
0:18 of 1st period - Stopped by Joonas Korpisalo without a rebound.
0:19 of 1st period - Josh Norris wins face-off versus Dylan Cozens in DALLAS Stars zone.
0:23 of 1st period - Adrian Kempe is hit by Brent Burns and loses puck.
0:36 of 1st period - Shot by Josh Norris.
0:36 of 1st period - Shot Blocked by Damon Severson.
0:38 of 1st period - Shot by Adrian Kempe.
0:38 of 1st period - Shot Misses the Net.
0:40 of 1st period - Shot by Travis Sanheim.
0:40 of 1st period - Stopped by Joonas Korpisalo without a rebound.
0:41 of 1st period - Andreas Athanasiou wins face-off versus Filip Chytil in DALLAS Stars zone.
0:51 of 1st period - Gemel Smith is hit by Evan Bouchard and loses puck.
0:57 of 1st period - Andreas Athanasiou is hit by Alexander Edler and loses puck.
1:05 of 1st period - Minor Penalty to Alexander Edler for Slashing.
1:06 of 1st period - Aleksi Heponiemi wins face-off versus Sebastien Aho in OTTAWA Senators zone.
1:37 of 1st period - Shot by Nick Leddy.
1:37 of 1st period - Stopped by Connor Hellebuyck without a rebound.
1:38 of 1st period - Dylan Cozens wins face-off versus Aleksi Heponiemi in OTTAWA Senators zone.
2:34 of 1st period - Icing by Mikhail Sergachev.
2:35 of 1st period - Sebastien Aho wins face-off versus Aleksi Heponiemi in DALLAS Stars zone.
2:40 of 1st period - Shot by Nick Leddy.
2:40 of 1st period - Shot Misses the Net.
2:53 of 1st period - Shot by Nick Leddy.
2:53 of 1st period - Stopped by Connor Hellebuyck with a rebound.
2:55 of 1st period - Shot by Tyler Bertuzzi.
2:55 of 1st period - Shot Misses the Net.
3:42 of 1st period - Shot by Zach Werenski.
3:42 of 1st period - Shot Misses the Net.
3:44 of 1st period - Shot by Zach Werenski.
3:44 of 1st period - Stopped by Joonas Korpisalo without a rebound.
3:45 of 1st period - Filip Chytil wins face-off versus Sebastien Aho in DALLAS Stars zone.
3:46 of 1st period - Shot by Robert Thomas.
3:46 of 1st period - Stopped by Joonas Korpisalo without a rebound.
3:47 of 1st period - Filip Chytil wins face-off versus Sebastien Aho in DALLAS Stars zone.
5:09 of 1st period - Shot by Alex Tuch.
5:09 of 1st period - Stopped by Joonas Korpisalo without a rebound.
5:10 of 1st period - Josh Norris wins face-off versus Blake Comeau in DALLAS Stars zone.
5:44 of 1st period - Icing by Blake Comeau.
5:45 of 1st period - Aleksi Heponiemi wins face-off versus Andreas Athanasiou in DALLAS Stars zone.
6:10 of 1st period - Alex Tuch is hit by Neal Pionk and loses puck.
7:52 of 1st period - Shot by Dylan Cozens.
7:52 of 1st period - Shot Misses the Net.
7:54 of 1st period - Shot by Reilly Smith.
7:54 of 1st period - Shot Misses the Net.
8:13 of 1st period - Morgan Frost is hit by Charlie McAvoy and loses puck.
8:16 of 1st period - Shot by Johan Larsson.
8:16 of 1st period - Stopped by Connor Hellebuyck without a rebound.
8:17 of 1st period - Andreas Athanasiou wins face-off versus Aleksi Heponiemi in OTTAWA Senators zone.
9:01 of 1st period - Gemel Smith is hit by Steven Stamkos and loses puck.
9:20 of 1st period - Adrian Kempe is hit by Tyler Bertuzzi and loses puck.
9:48 of 1st period - Minor Penalty to Evan Bouchard for High sticking.
9:49 of 1st period - Aleksi Heponiemi wins face-off versus Dylan Cozens in OTTAWA Senators zone.
9:49 of 1st period - Aleksi Heponiemi is hit by Dylan Cozens.
10:14 of 1st period - Shot by Damon Severson.
10:14 of 1st period - Stopped by Connor Hellebuyck without a rebound.
10:15 of 1st period - Martin Necas wins face-off versus Sebastien Aho in OTTAWA Senators zone.
10:24 of 1st period - Zach Werenski is hit by Kevin Hayes and loses puck.
10:37 of 1st period - Shot by Nick Leddy.
10:37 of 1st period - Stopped by Connor Hellebuyck without a rebound.
10:38 of 1st period - Reilly Smith wins face-off versus Alex Tuch in OTTAWA Senators zone.
11:41 of 1st period - Shot by Kevin Hayes.
11:41 of 1st period - Stopped by Connor Hellebuyck with a rebound.
11:47 of 1st period - Shot by Mikhail Sergachev.
11:47 of 1st period - Stopped by Connor Hellebuyck with a rebound.
11:49 of 1st period - Shot by Morgan Frost.
11:49 of 1st period - Stopped by Connor Hellebuyck with a rebound.
12:09 of 1st period - Shot by Anthony Beauvillier.
12:09 of 1st period - Shot Misses the Net.
12:29 of 1st period - Shot by Morgan Frost.
12:29 of 1st period - Deflect By Anthony Beauvillier.
12:29 of 1st period - Shot Misses the Net.
12:31 of 1st period - Shot by Johan Larsson.
12:31 of 1st period - Shot Misses the Net.
12:41 of 1st period - Shot by Andreas Athanasiou.
12:41 of 1st period - Stopped by Connor Hellebuyck with a rebound.
12:43 of 1st period - Shot by Gemel Smith.
12:43 of 1st period - Shot Misses the Net.
12:45 of 1st period - Shot by Andreas Athanasiou.
12:45 of 1st period - Stopped by Connor Hellebuyck without a rebound.
12:46 of 1st period - Sebastien Aho wins face-off versus Martin Necas in OTTAWA Senators zone.
13:07 of 1st period - Shot by Adrian Kempe.
13:07 of 1st period - Shot Hit the Post.
13:09 of 1st period - Shot by Martin Necas.
13:09 of 1st period - Deflect By Adrian Kempe.
13:09 of 1st period - Shot Blocked by Brent Burns.
13:11 of 1st period - Shot by Adrian Kempe.
13:11 of 1st period - Shot Misses the Net.
13:13 of 1st period - Shot by Charlie McAvoy.
13:13 of 1st period - Shot Blocked by Sebastien Aho.
13:15 of 1st period - Shot by Charlie McAvoy.
13:15 of 1st period - Shot Misses the Net.
13:27 of 1st period - Shot by Josh Norris.
13:27 of 1st period - Shot Misses the Net.
13:29 of 1st period - Shot by Martin Necas.
13:29 of 1st period - Stopped by Joonas Korpisalo without a rebound.
13:30 of 1st period - Dylan Cozens wins face-off versus Aleksi Heponiemi in DALLAS Stars zone.
14:02 of 1st period - Shot by Nick Leddy.
14:02 of 1st period - Shot Blocked by Travis Sanheim.
14:28 of 1st period - Shot by Gemel Smith.
14:28 of 1st period - Shot Misses the Net.
14:30 of 1st period - Shot by Mathias Norlinder.
14:30 of 1st period - Stopped by Connor Hellebuyck without a rebound.
14:31 of 1st period - Josh Norris wins face-off versus Kevin Hayes in OTTAWA Senators zone.
14:40 of 1st period - Shot by Martin Necas.
14:40 of 1st period - Stopped by Joonas Korpisalo with a rebound.
15:00 of 1st period - Shot by Cale Makar.
15:00 of 1st period - Stopped by Joonas Korpisalo with a rebound.
15:15 of 1st period - Off-side.
15:16 of 1st period - Filip Chytil wins face-off versus Andreas Athanasiou in neutral zone.
15:41 of 1st period - Evan Bouchard is hit by Blake Comeau and loses puck.
16:35 of 1st period - Shot by Reilly Smith.
16:35 of 1st period - Stopped by Connor Hellebuyck without a rebound.
16:36 of 1st period - Sebastien Aho wins face-off versus Josh Norris in OTTAWA Senators zone.
16:43 of 1st period - Tyler Bertuzzi is hit by Martin Necas and loses puck.
17:00 of 1st period - Charlie McAvoy is hit by Kevin Hayes and loses puck.
17:11 of 1st period - Shot by Martin Necas.
17:11 of 1st period - Shot Misses the Net.
17:14 of 1st period - Martin Necas is hit by Neal Pionk and loses puck.
17:18 of 1st period - Josh Norris is hit by Neal Pionk and loses puck.
17:21 of 1st period - Shot by Josh Norris.
17:21 of 1st period - Stopped by Joonas Korpisalo without a rebound.
17:22 of 1st period - Aleksi Heponiemi wins face-off versus Dylan Cozens in DALLAS Stars zone.
17:53 of 1st period - Shot by Steven Stamkos.
17:53 of 1st period - Shot Misses the Net.
19:23 of 1st period - Martin Necas is hit by Brent Burns and loses puck.
Goals for this period are 0 for DALLAS Stars vs 0 for OTTAWA Senators.
Shots for this period are 12 for DALLAS Stars vs 10 for OTTAWA Senators.

2nd period


0:01 of 2nd period - Sebastien Aho wins face-off versus Aleksi Heponiemi in neutral zone.
0:06 of 2nd period - Shot by Sebastien Aho.
0:06 of 2nd period - Stopped by Connor Hellebuyck without a rebound.
0:07 of 2nd period - Sebastien Aho wins face-off versus Aleksi Heponiemi in OTTAWA Senators zone.
0:23 of 2nd period - Shot by Alex Tuch.
0:23 of 2nd period - Deflect By Steven Stamkos.
0:23 of 2nd period - Shot Misses the Net.
0:25 of 2nd period - Shot by Steven Stamkos.
0:25 of 2nd period - Shot Blocked by Tyler Bertuzzi.
0:39 of 2nd period - Shot by Alex Tuch.
0:39 of 2nd period - Stopped by Joonas Korpisalo with a rebound.
0:41 of 2nd period - Shot by Steven Stamkos.
0:41 of 2nd period - Stopped by Joonas Korpisalo without a rebound.
0:42 of 2nd period - Josh Norris wins face-off versus Dylan Cozens in DALLAS Stars zone.
0:45 of 2nd period - Shot by Martin Necas.
0:45 of 2nd period - Shot Misses the Net.
1:10 of 2nd period - Shot by Tomas Hertl.
1:10 of 2nd period - Stopped by Connor Hellebuyck without a rebound.
1:11 of 2nd period - Andreas Athanasiou wins face-off versus Mark Kastelic in OTTAWA Senators zone.
2:01 of 2nd period - Icing by Travis Sanheim.
2:02 of 2nd period - Sebastien Aho wins face-off versus Mark Kastelic in OTTAWA Senators zone.
2:03 of 2nd period - Shot by Tyler Bertuzzi.
2:03 of 2nd period - Stopped by Connor Hellebuyck without a rebound.
2:04 of 2nd period - Aleksi Heponiemi wins face-off versus Sebastien Aho in OTTAWA Senators zone.
2:04 of 2nd period - Aleksi Heponiemi is hit by Tyler Bertuzzi.
2:22 of 2nd period - Kevin Hayes is hit by Steven Stamkos and loses puck.
2:33 of 2nd period - Shot by Cale Makar.
2:33 of 2nd period - Shot Misses the Net.
2:35 of 2nd period - Shot by Steven Stamkos.
2:35 of 2nd period - Shot Misses the Net.
3:03 of 2nd period - Off-side.
3:04 of 2nd period - Dylan Cozens wins face-off versus Josh Norris in neutral zone.
4:28 of 2nd period - Minor Penalty to Neal Pionk for High sticking.
4:29 of 2nd period - Aleksi Heponiemi wins face-off versus Tyler Bertuzzi in DALLAS Stars zone.
4:34 of 2nd period - Shot by Steven Stamkos.
4:34 of 2nd period - Shot Misses the Net.
4:36 of 2nd period - Shot by Cale Makar.
4:36 of 2nd period - Shot Blocked by Brent Burns.
4:48 of 2nd period - Shot by Steven Stamkos.
4:48 of 2nd period - Shot Misses the Net.
4:58 of 2nd period - Shot by Alex Tuch.
4:58 of 2nd period - Stopped by Joonas Korpisalo without a rebound.
4:59 of 2nd period - Tyler Bertuzzi wins face-off versus Martin Necas in DALLAS Stars zone.
5:23 of 2nd period - Sebastien Aho is hit by Adrian Kempe and loses puck.
5:33 of 2nd period - Icing by Zach Werenski.
5:34 of 2nd period - Dylan Cozens wins face-off versus Martin Necas in OTTAWA Senators zone.
5:42 of 2nd period - Icing by Zach Werenski.
5:43 of 2nd period - Tyler Bertuzzi wins face-off versus Martin Necas in OTTAWA Senators zone.
6:44 of 2nd period - Shot by Blake Comeau.
6:44 of 2nd period - Stopped by Connor Hellebuyck without a rebound.
6:45 of 2nd period - Aleksi Heponiemi wins face-off versus Dylan Cozens in OTTAWA Senators zone.
8:00 of 2nd period - Shot by Robert Thomas.
8:00 of 2nd period - Stopped by Joonas Korpisalo without a rebound.
8:01 of 2nd period - Josh Norris wins face-off versus Andreas Athanasiou in DALLAS Stars zone.
8:01 of 2nd period - Josh Norris is hit by Neal Pionk.
8:11 of 2nd period - Shot by Adrian Kempe.
8:11 of 2nd period - Shot Misses the Net.
8:29 of 2nd period - Shot by Blake Comeau.
8:29 of 2nd period - Goal by Blake Comeau - DALLAS Stars : 1 - OTTAWA Senators : 0.
8:30 of 2nd period - Sebastien Aho wins face-off versus Filip Chytil in neutral zone.
8:51 of 2nd period - Shot by Robert Thomas.
8:51 of 2nd period - Stopped by Joonas Korpisalo without a rebound.
8:52 of 2nd period - Dylan Cozens wins face-off versus Aleksi Heponiemi in DALLAS Stars zone.
9:06 of 2nd period - Steven Stamkos is hit by Mikhail Sergachev and loses puck.
9:29 of 2nd period - Mikhail Sergachev is hit by Steven Stamkos and loses puck.
9:54 of 2nd period - Off-side.
9:55 of 2nd period - Josh Norris wins face-off versus Sebastien Aho in neutral zone.
10:51 of 2nd period - Morgan Frost is hit by Adrian Kempe.
10:55 of 2nd period - Shot by Neal Pionk.
10:55 of 2nd period - Shot Blocked by Travis Sanheim.
10:57 of 2nd period - Shot by Mathias Norlinder.
10:57 of 2nd period - Shot Misses the Net.
11:42 of 2nd period - Neal Pionk is hit by Charlie McAvoy and loses puck.
12:13 of 2nd period - Icing by Nick Leddy.
12:14 of 2nd period - Dylan Cozens wins face-off versus Aleksi Heponiemi in DALLAS Stars zone.
12:14 of 2nd period - Dylan Cozens is hit by Aleksi Heponiemi.
12:41 of 2nd period - Shot by Dylan Cozens.
12:41 of 2nd period - Shot Misses the Net.
12:48 of 2nd period - Evan Bouchard is hit by Tomas Hertl and loses puck.
12:55 of 2nd period - Icing by Tomas Hertl.
12:56 of 2nd period - Mark Kastelic wins face-off versus Dylan Cozens in DALLAS Stars zone.
12:56 of 2nd period - Mark Kastelic is hit by Mikhail Sergachev.
12:58 of 2nd period - Shot by Cale Makar.
12:58 of 2nd period - Stopped by Joonas Korpisalo without a rebound.
12:59 of 2nd period - Mark Kastelic wins face-off versus Sebastien Aho in DALLAS Stars zone.
13:16 of 2nd period - Shot by Cale Makar.
13:16 of 2nd period - Shot Misses the Net.
13:36 of 2nd period - Tyler Bertuzzi is hit by Mark Kastelic and loses puck.
14:05 of 2nd period - Shot by Gemel Smith.
14:05 of 2nd period - Stopped by Connor Hellebuyck with a rebound.
14:07 of 2nd period - Shot by Blake Comeau.
14:07 of 2nd period - Shot Misses the Net.
14:21 of 2nd period - Shot by Blake Comeau.
14:21 of 2nd period - Shot Misses the Net.
15:11 of 2nd period - Nick Leddy is hit by Alex Tuch and loses puck.
15:52 of 2nd period - Off-side.
15:53 of 2nd period - Sebastien Aho wins face-off versus Mark Kastelic in neutral zone.
15:56 of 2nd period - Cale Makar is hit by Tyler Bertuzzi and loses puck.
16:16 of 2nd period - Icing by Damon Severson.
16:17 of 2nd period - Filip Chytil wins face-off versus Sebastien Aho in DALLAS Stars zone.
16:40 of 2nd period - Sebastien Aho is hit by Barrett Hayton and loses puck.
16:45 of 2nd period - Shot by Filip Chytil.
16:45 of 2nd period - Shot Misses the Net.
16:58 of 2nd period - Shot by Filip Chytil.
16:58 of 2nd period - Stopped by Joonas Korpisalo with a rebound.
17:00 of 2nd period - Shot by Travis Sanheim.
17:00 of 2nd period - Shot Misses the Net.
17:10 of 2nd period - Tyler Bertuzzi is hit by Steven Stamkos and loses puck.
17:44 of 2nd period - Off-side.
17:45 of 2nd period - Josh Norris wins face-off versus Blake Comeau in neutral zone.
18:19 of 2nd period - Minor Penalty to Nick Leddy for Goalie Interference.
18:20 of 2nd period - Johan Larsson wins face-off versus Aleksi Heponiemi in DALLAS Stars zone.
19:26 of 2nd period - Icing by Zach Werenski.
19:27 of 2nd period - Tyler Bertuzzi wins face-off versus Martin Necas in OTTAWA Senators zone.
19:38 of 2nd period - Shot by Travis Sanheim.
19:38 of 2nd period - Stopped by Joonas Korpisalo without a rebound.
19:39 of 2nd period - Martin Necas wins face-off versus Tyler Bertuzzi in DALLAS Stars zone.
Goals for this period are 1 for DALLAS Stars vs 0 for OTTAWA Senators.
Shots for this period are 6 for DALLAS Stars vs 8 for OTTAWA Senators.

3rd period


0:01 of 3rd period - Tyler Bertuzzi wins face-off versus Aleksi Heponiemi in neutral zone.
0:39 of 3rd period - Icing by Travis Sanheim.
0:40 of 3rd period - Josh Norris wins face-off versus Sebastien Aho in OTTAWA Senators zone.
1:21 of 3rd period - Shot by Sebastien Aho.
1:21 of 3rd period - Stopped by Connor Hellebuyck with a rebound.
1:23 of 3rd period - Shot by Tyler Bertuzzi.
1:23 of 3rd period - Shot Misses the Net.
1:25 of 3rd period - Shot by Tyler Bertuzzi.
1:25 of 3rd period - Goal by Tyler Bertuzzi - DALLAS Stars : 2 - OTTAWA Senators : 0.
1:26 of 3rd period - Dylan Cozens wins face-off versus Alex Tuch in neutral zone.
2:53 of 3rd period - Andreas Athanasiou is hit by Barrett Hayton and loses puck.
5:03 of 3rd period - Shot by Morgan Frost.
5:03 of 3rd period - Shot Misses the Net.
5:21 of 3rd period - Shot by Mikhail Sergachev.
5:21 of 3rd period - Stopped by Connor Hellebuyck with a rebound.
5:23 of 3rd period - Shot by Tomas Hertl.
5:23 of 3rd period - Goal by Tomas Hertl - DALLAS Stars : 3 - OTTAWA Senators : 0.
5:24 of 3rd period - Dylan Cozens wins face-off versus Barrett Hayton in neutral zone.
6:07 of 3rd period - Dylan Cozens is hit by Barrett Hayton and loses puck.
6:58 of 3rd period - Charlie McAvoy is hit by Tyler Bertuzzi and loses puck.
7:32 of 3rd period - Josh Norris is hit by Brent Burns and loses puck.
7:39 of 3rd period - Shot by Damon Severson.
7:39 of 3rd period - Stopped by Connor Hellebuyck without a rebound.
7:40 of 3rd period - Morgan Frost wins face-off versus Mark Kastelic in OTTAWA Senators zone.
8:10 of 3rd period - Icing by Damon Severson.
8:11 of 3rd period - Josh Norris wins face-off versus Morgan Frost in DALLAS Stars zone.
8:24 of 3rd period - Shot by Anthony Beauvillier.
8:24 of 3rd period - Stopped by Connor Hellebuyck without a rebound.
8:25 of 3rd period - Dylan Cozens wins face-off versus Alex Tuch in OTTAWA Senators zone.
8:28 of 3rd period - Shot by Reilly Smith.
8:28 of 3rd period - Stopped by Connor Hellebuyck without a rebound.
8:29 of 3rd period - Sebastien Aho wins face-off versus Aleksi Heponiemi in OTTAWA Senators zone.
8:36 of 3rd period - Shot by Sebastien Aho.
8:36 of 3rd period - Shot Hit the Post.
8:48 of 3rd period - Shot by Neal Pionk.
8:48 of 3rd period - Stopped by Connor Hellebuyck without a rebound.
8:49 of 3rd period - Josh Norris wins face-off versus Dylan Cozens in OTTAWA Senators zone.
9:00 of 3rd period - Shot by Adrian Kempe.
9:00 of 3rd period - Shot Misses the Net.
9:08 of 3rd period - Shot by Adrian Kempe.
9:08 of 3rd period - Shot Blocked by Tomas Hertl.
9:17 of 3rd period - Mikhail Sergachev is hit by Josh Norris and loses puck.
9:26 of 3rd period - Icing by Martin Necas.
9:27 of 3rd period - Sebastien Aho wins face-off versus Josh Norris in OTTAWA Senators zone.
9:27 of 3rd period - Sebastien Aho is hit by Travis Sanheim.
9:55 of 3rd period - Shot by Sebastien Aho.
9:55 of 3rd period - Deflect By Tyler Bertuzzi.
9:55 of 3rd period - Stopped by Connor Hellebuyck with a rebound.
10:06 of 3rd period - Sebastien Aho is hit by Travis Sanheim and loses puck.
10:07 of 3rd period - Minor Penalty to Zach Werenski for Cross-checking.
10:08 of 3rd period - Aleksi Heponiemi wins face-off versus Dylan Cozens in OTTAWA Senators zone.
10:08 of 3rd period - Aleksi Heponiemi is hit by Reilly Smith.
10:47 of 3rd period - Shot by Alex Tuch.
10:47 of 3rd period - Stopped by Joonas Korpisalo without a rebound.
10:48 of 3rd period - Sebastien Aho wins face-off versus Aleksi Heponiemi in DALLAS Stars zone.
11:09 of 3rd period - Shot by Kevin Hayes.
11:09 of 3rd period - Shot Misses the Net.
11:11 of 3rd period - Shot by Brent Burns.
11:11 of 3rd period - Stopped by Connor Hellebuyck without a rebound.
11:12 of 3rd period - Aleksi Heponiemi wins face-off versus Dylan Cozens in OTTAWA Senators zone.
12:26 of 3rd period - Shot by Robert Thomas.
12:26 of 3rd period - Stopped by Joonas Korpisalo without a rebound.
12:27 of 3rd period - Mark Kastelic wins face-off versus Sebastien Aho in DALLAS Stars zone.
12:44 of 3rd period - Shot by Travis Sanheim.
12:44 of 3rd period - Stopped by Joonas Korpisalo without a rebound.
12:45 of 3rd period - Andreas Athanasiou wins face-off versus Aleksi Heponiemi in DALLAS Stars zone.
13:10 of 3rd period - Shot by Steven Stamkos.
13:10 of 3rd period - Shot Misses the Net.
13:34 of 3rd period - Off-side.
13:35 of 3rd period - Sebastien Aho wins face-off versus Robert Thomas in neutral zone.
14:09 of 3rd period - Shot by Kevin Hayes.
14:09 of 3rd period - Stopped by Connor Hellebuyck without a rebound.
14:10 of 3rd period - Dylan Cozens wins face-off versus Josh Norris in OTTAWA Senators zone.
14:13 of 3rd period - Shot by Reilly Smith.
14:13 of 3rd period - Shot Misses the Net.
14:20 of 3rd period - Icing by Zach Werenski.
14:21 of 3rd period - Josh Norris wins face-off versus Morgan Frost in OTTAWA Senators zone.
14:55 of 3rd period - Josh Norris is hit by Damon Severson and loses puck.
15:17 of 3rd period - Anthony Beauvillier is hit by Adrian Kempe and loses puck.
15:40 of 3rd period - Shot by Aleksi Heponiemi.
15:40 of 3rd period - Shot Misses the Net.
15:42 of 3rd period - Shot by Alex Tuch.
15:42 of 3rd period - Shot Blocked by Brent Burns.
15:44 of 3rd period - Shot by Alex Tuch.
15:44 of 3rd period - Stopped by Joonas Korpisalo without a rebound.
15:45 of 3rd period - Filip Chytil wins face-off versus Sebastien Aho in DALLAS Stars zone.
15:47 of 3rd period - Robert Thomas is hit by Mikhail Sergachev and loses puck.
16:29 of 3rd period - Minor Penalty to Tyler Bertuzzi for Boarding.
16:30 of 3rd period - Aleksi Heponiemi wins face-off versus Gemel Smith in DALLAS Stars zone.
16:31 of 3rd period - Shot by Cale Makar.
16:31 of 3rd period - Stopped by Joonas Korpisalo without a rebound.
16:32 of 3rd period - Aleksi Heponiemi wins face-off versus Gemel Smith in DALLAS Stars zone.
16:45 of 3rd period - Shot by Cale Makar.
16:45 of 3rd period - Stopped by Joonas Korpisalo without a rebound.
16:46 of 3rd period - Sebastien Aho wins face-off versus Aleksi Heponiemi in DALLAS Stars zone.
17:08 of 3rd period - Icing by Cale Makar.
17:09 of 3rd period - Aleksi Heponiemi wins face-off versus Gemel Smith in OTTAWA Senators zone.
17:17 of 3rd period - Off-side.
17:18 of 3rd period - Martin Necas wins face-off versus Gemel Smith in neutral zone.
17:20 of 3rd period - Robert Thomas is hit by Gemel Smith and loses puck.
17:32 of 3rd period - Adrian Kempe is hit by Damon Severson and loses puck.
17:43 of 3rd period - Shot by Zach Werenski.
17:43 of 3rd period - Stopped by Joonas Korpisalo with a rebound.
17:45 of 3rd period - Shot by Adrian Kempe.
17:45 of 3rd period - Stopped by Joonas Korpisalo with a rebound.
19:08 of 3rd period - Owen Tippett is hit by Neal Pionk.
19:21 of 3rd period - Peyton Krebs is hit by Gemel Smith and loses puck.
19:27 of 3rd period - Icing by Alexander Edler.
19:28 of 3rd period - Mark Kastelic wins face-off versus Dylan Cozens in OTTAWA Senators zone.
19:28 of 3rd period - Minor Penalty to Tomas Hertl for Hooking.
19:29 of 3rd period - Aleksi Heponiemi wins face-off versus Sebastien Aho in DALLAS Stars zone.
Goals for this period are 2 for DALLAS Stars vs 0 for OTTAWA Senators.
Shots for this period are 11 for DALLAS Stars vs 8 for OTTAWA Senators.